Map: Echo LE (Void)

Players

captainth - Winner!

  • Race: Protoss Protoss
  • League: Grandmaster

CaptRaynor

  • Race: Zerg Zerg
  • League: Grandmaster

VOD

Have the link to the VOD?

Description

Time

  • Played on: June 6, 2015, 12:27 p.m.
  • Length: 11:19
Show
View Real Time Build Order
Export as new Build Order

captainth Protoss - Winner!

Build Orders: Double Forge, Colossus Rush 

Get SALT Encoding   

  12  0:01  Probe  
  13  0:14  Pylon  
  13  0:16  Probe  
  14  0:32  Probe  
  14  0:33  Gateway  
  15  0:44  Probe (Chrono Boost)  
  15  0:47  Assimilator  
  16  0:51  Assimilator  
  16  0:56  Probe (Chrono Boost)  
  17  1:02  Probe (Chrono Boost)  
  19  1:13  Probe (Chrono Boost)  
  19  1:17  Pylon  
  19  1:19  Probe (Chrono Boost)  
  19  1:20  Cybernetics Core  
  20  1:31  Probe  
  21  1:43  Probe (Chrono Boost)  
  23  1:55  Probe (Chrono Boost)  
  23  1:58  Robotics Facility  
  23  1:59  Warp Gate (Chrono Boost)  
  23  2:02  Probe (Chrono Boost)  
  25  2:19  Pylon  
  24  2:28  Gateway  
  24  2:39  Gateway  
  24  2:46  Robotics Bay  
  24  2:50  Gateway  
  24  3:01  Warp Prism (Chrono Boost)  
  26  3:26  Nexus  
  30  3:46  Disruptor (Chrono Boost)  
  30  3:50  Probe  
  31  4:02  Probe  
  32  4:06  Pylon  
  32  4:11  Colossus  
  38  4:18  Disruptor  
  38  4:19  Pylon  
  38  4:24  Probe (Chrono Boost)  
  39  4:36  Probe (Chrono Boost)  
  40  4:40  Forge  
  40  4:41  Disruptor  
  40  4:43  Probe (Chrono Boost), Forge  
  40  4:44  Probe (Chrono Boost)  
  42  4:53  Zealot  
  42  4:54  Zealot  
  44  5:02  Probe x2  
  46  5:14  Probe x2  
  44  5:26  Probe x2, Protoss Ground Armor Level 1 (Chrono Boost)  
  46  5:28  Assimilator  
  46  5:29  Sentry x2  
  46  5:31  Protoss Ground Weapons Level 1 (Chrono Boost)  
  46  5:32  Assimilator  
  46  5:38  Probe x2 (Chrono Boost)  
  48  5:46  Pylon  
  48  5:48  Robotics Facility  
  48  5:50  Probe (Chrono Boost)  
  48  5:51  Probe (Chrono Boost)  
  50  5:59  Mothership Core (Chrono Boost), Probe (Chrono Boost)  
  53  6:07  Zealot x4  
  61  6:15  Colossus  
  67  6:28  Stalker x2  
  67  6:29  Stalker  
  73  6:39  Zealot  
  75  6:43  Probe  
  76  6:56  Pylon  
  76  7:01  Pylon  
  76  7:14  Probe x2, Observer  
  79  7:26  Nexus  
  79  7:28  Pylon  
  79  7:30  Pylon  
  79  7:35  Colossus  
  85  7:38  Protoss Shields Level 1 (Chrono Boost)  
  85  7:40  Twilight Council  
  85  8:06  Stalker x4  
  93  8:14  Gateway  
  93  8:15  Gateway  
  93  8:16  Gateway  
  93  8:20  Gateway  
  93  8:39  Stalker x4  
  101  8:47  Protoss Ground Weapons Level 2 (Chrono Boost)  
  101  9:27  Stargate  
  101  9:31  Cybernetics Core, Photon Cannon  
  101  9:34  Photon Cannon x2  
  101  9:42  Probe x3  
  104  9:54  Probe x3  
  107  10:06  Probe  
  108  10:10  Photon Cannon  
  108  10:15  Photon Cannon x2  
  108  10:19  Pylon  
  108  10:25  Pylon  
  108  10:35  Pylon  
  108  10:45  Pylon  
  108  10:48  Assimilator  
  108  10:53  Photon Cannon, Assimilator  
  108  10:55  Photon Cannon  
  108  10:56  Pylon  
  108  11:03  Fleet Beacon  
  108  11:16  Pylon  
Show
View Real Time Build Order
Export as new Build Order

CaptRaynor Zerg 

Build Orders: Hatch First 

Get SALT Encoding   

  12  0:01  Drone  
  13  0:13  Overlord  
  13  0:33  Drone  
  14  0:36  Drone x2  
  16  0:48  Drone  
  17  0:58  Drone  
  17  1:03  Hatchery  
  17  1:09  Drone  
  18  1:17  Overlord  
  18  1:36  Spawning Pool  
  18  1:38  Drone  
  18  1:44  Drone  
  19  1:51  Drone  
  20  2:04  Evolution Chamber  
  20  2:07  Extractor  
  20  2:08  Drone  
  19  2:19  Drone  
  19  2:20  Drone  
  21  2:24  Queen  
  21  2:25  Queen  
  21  2:28  Drone  
  25  2:38  Drone x3  
  28  2:49  Drone x2  
  30  2:59  Extractor  
  30  3:01  Queen x2  
  30  3:05  Drone x3  
  36  3:20  Overlord x2  
  36  3:28  Hatchery  
  36  3:30  Drone  
  36  3:40  Zergling x6  
  36  3:41  Zergling x6  
  42  3:56  Drone x3  
  42  3:57  Drone x3  
  48  4:20  Lair, Roach Warren  
  48  4:24  Drone x6, Extractor  
  48  4:27  Overlord  
  35  5:28  Queen x3  
  43  5:35  Drone x3  
  43  5:36  Drone  
  43  5:38  Drone x2  
  43  5:39  Drone x8  
  55  6:05  Overlord x4  
  55  6:06  Overlord x2  
  55  6:48  Zerg Ground Armor Level 1  
  55  6:51  Drone x3  
  57  6:55  Drone x2  
  54  7:07  Zergling x2  
  54  7:08  Zergling x16  
  47  7:39  Zergling x2  
  47  7:40  Zergling x12  
  29  8:01  Drone x2  
  29  8:04  Zergling x4  
  31  8:11  Drone x2  
  31  8:12  Zergling x2  
  31  8:16  Zergling x4  
  13  8:34  Zergling x4  
  13  8:35  Zergling x2  
  13  8:53  Drone  
  11  8:59  Spawning Pool  
  10  9:10  Drone  
  10  9:11  Drone  
  9  10:03  Hatchery  
  3  10:39  Hatchery  
    10:44  Drone x3  
Tags
 
Add a new tag
Caveats
  • Supply blocks, unpowered buildings, or Contaminate may cause inaccurate times.
  • Supply counts are checked every 10 seconds.